 Dungeon Crawl Stone Soup version 0.30-a0-385-gfebfb9b408 (webtiles) character file.

Game seed: 3114161687763612390

377 flotson the Sneak (level 6, -13/48 HPs)
             Began as a Demonspawn Delver on Dec 3, 2022.
             Mangled by a shadow (19 damage)
             ... on level 5 of the Dungeon.
             The game lasted 00:05:02 (3864 turns).

flotson the Sneak (Demonspawn Delver)               Turns: 3864, Time: 00:05:03

Health: -13/48     AC:  6    Str: 15    XL:     6   Next: 45%
Magic:  6/6        EV: 11    Int: 11    God:
Gold:   320        SH:  4    Dex: 14    Spells: 5/5 levels left

rFire   . . .      SeeInvis .    q - +0 trident
rCold   . . .      Faith    .    b - orb {*channel}
rNeg    . . .      Spirit   .    a - +0 ring mail
rPois   +          Reflect  .    (helmet restricted)
rElec   .          Harm     .    (no cloak)
rCorr   .          Rampage  .    n - +0 pair of gloves
Will    .....                    (no boots)
Stlth   ++........               (no amulet)
HPRegen 0.28/turn                l - ring of poison resistance
MPRegen 0.10/turn                (no ring)

@: hasted, very quick
A: horns 1, condensation shield, demonic magic 1, demonic touch 1
a: no special abilities


You were on level 5 of the Dungeon.
You visited 1 branch of the dungeon, and saw 5 of its levels.

You collected 320 gold pieces.

Inventory:

Hand Weapons
 q - a +0 trident (weapon)
Missiles
 z - 8 poisoned darts (quivered)
Armour
 a - a +0 ring mail (worn)
 b - an orb of energy (worn)
 n - a +0 pair of gloves (worn)
Jewellery
 l - a ring of poison resistance (left hand)
Wands
 g - a wand of digging (3)
 h - a wand of roots (8)
 v - a wand of polymorph (3)
 y - a wand of light (9)
Scrolls
 c - a scroll of fog
 d - 2 scrolls of magic mapping
 i - a scroll of immolation {unknown}
 j - 5 scrolls of teleportation {unknown}
 k - 5 scrolls of identify {unknown}
 s - a scroll of enchant weapon {unknown}
 t - a scroll of silence {unknown}
 w - a scroll of summoning {unknown}
Potions
 f - a potion of haste
 m - 2 potions of resistance {unknown}
 o - 2 potions of heal wounds {unknown}
 p - 2 potions of berserk rage {unknown}
 r - a potion of mutation {unknown}
 u - a potion of curing {unknown}
 x - a potion of might {unknown}
 A - 2 potions of invisibility {unknown}


   Skills:
 + Level 4.3 Fighting
 - Level 1.7 Polearms
 + Level 2.6 Armour
 + Level 3.3 Dodging
 - Level 5.0 Stealth
 + Level 2.8 Evocations


You had 5 spell levels left.
You didn't know any spells.
Your spell library contained the following spells:

 Spells                   Type           Power      Damage    Failure   Level
 Apportation              Tloc           0%         N/A       56%         1
 Necrotise                Necr           0%         1d4       56%         1
 Summon Small Mammal      Summ           0%         N/A       56%         1
 Scorch                   Fire           0%         2d5       71%         2
 Static Discharge         Conj/Air       0%         2-2/arc   71%         2
 Vhi's Electric Charge    Tloc/Air       0%         N/A       90%         3
 Flame Wave               Conj/Fire      0%         2d4       100%        4
 Arcjolt                  Conj/Air       0%         1d10      100%        5
 Lightning Bolt           Conj/Air       0%         1d11      100%        5
 Summon Cactus Giant      Summ           0%         N/A       100%        6


Dungeon Overview and Level Annotations

Branches:
Dungeon (5/15)
 Temple: D:4-7

Altars:


Innate Abilities, Weirdness & Mutations

You have a pair of small horns on your head.
A meltable shield of frost defends you. (SH +4)
Spells you cast may paralyse adjacent enemies.
Your touch may inflict minor irresistible damage on your foes.


Message History

You strike the helpless orc from behind!
You hit the orc.
The orc is almost dead.
You hit the orc.
You kill the orc!
You reach to attack!
You hit the shadow but do no damage.
The shadow slips into darkness.
The shadow flickers and vanishes!
Deactivating autopickup; reactivate with Ctrl-A.
No target in view!
No target in view!
No target in view!
No target in view!
No target in view!
No target in view!
No target in view!
No target in view!
No target in view!
The shadow strikes at you from the darkness!
Ouch! That really hurt!
Reactivating autopickup.
The shadow attacks as you move away! The shadow barely misses you.
The shadow attacks as you move away! The shadow completely misses you.
The shadow attacks as you move away! The shadow hits you.
The shadow attacks as you move away! You block the shadow's attack.
The shadow attacks as you move away! The shadow closely misses you.
There is a stone staircase leading down here.
The shadow attacks as you move away! The shadow hits you.
The shadow slips into darkness.
The shadow flickers and vanishes!
Deactivating autopickup; reactivate with Ctrl-A.
The shadow strikes at you from the darkness!
* * * LOW HITPOINT WARNING * * *
Reactivating autopickup.
The shadow slips into darkness.
The shadow flickers and vanishes!
Deactivating autopickup; reactivate with Ctrl-A.
You feel yourself speed up.
The shadow strikes at you from the darkness!
You die...

#. #l# #.# #<.)...... #.
#.## #.# ##........ .. #..#
#.###......... ##
###l#####.........####
######.....l......#.#..##
#......##.##.#.##.).......
...#######.##.#.##)#.######.
#..#{#.)<...# ##...@.###.##
###......#.# ###....###...#
# #.....## ##.... #
..........# .##. #
..........# .. # ..........#
### #.........# ...
#.........# #


You could see an iguana.

Vanquished Creatures
  An ogre (D:4)
  A scorpion (D:4)
  Jessica (D:2)
  An iguana (D:4)
  An orc wizard (D:4)
  6 adders
  A white imp (D:4)
  An ufetubus (D:5)
  A worm (D:2)
  2 dart slugs
  16 orcs
  8 endoplasms
  3 giant cockroaches
  5 goblins
  6 hobgoblins
  7 kobolds
  3 quokkas (D:1)
  5 ball pythons
  7 bats
  4 frilled lizards
  4 rats
84 creatures vanquished.

Notes
Turn   | Place    | Note
-------+----------+-------------------------------------------
     0 | D:5      | flotson the Demonspawn Delver began the quest for the Orb.
     0 | D:5      | Reached XP level 1. HP: 18/18 MP: 1/1
    43 | D:4      | Gained mutation: Spells you cast may paralyse adjacent
                  | enemies. [demonic ancestry]
    43 | D:4      | Reached XP level 2. HP: 13/24 MP: 2/2
   613 | D:1      | Reached skill level 1 in Evocations
   618 | D:1      | Discovered your monstrous ancestry.
   618 | D:1      | Gained mutation: You have a pair of small horns on your
                  | head. [demonic ancestry]
   618 | D:1      | Reached XP level 3. HP: 27/29 MP: 3/3
   742 | D:1      | Reached skill level 1 in Armour
  1696 | D:2      | Reached XP level 4. HP: 35/35 MP: 4/4
  1933 | D:2      | Noticed Jessica
  1950 | D:2      | Killed Jessica
  2161 | D:2      | Reached skill level 5 in Stealth
  2718 | D:4      | Gained mutation: A meltable shield of frost defends you.
                  | (SH +4) [demonic ancestry]
  2718 | D:4      | Reached XP level 5. HP: 40/41 MP: 5/5
  2917 | D:4      | Noticed an ogre
  2922 | D:4      | Killed an ogre
  3191 | D:4      | Gained mutation: Your touch may inflict minor irresistible
                  | damage on your foes. [demonic ancestry]
  3191 | D:4      | Reached XP level 6. HP: 48/48 MP: 6/6
  3838 | D:5      | Noticed a shadow
  3864 | D:5      | Mangled by a shadow

Illustrated notes

Levels and vault maps discovered:
D:1:      amcnicky_arrival_underground_garden, layout_basic,
          kennysheep_flooded_box, minmay_octomino_c4
D:2:      layout_loops_ring, uniq_jessica
D:3:      layout_loops_ring, palyth_stone_intersect
D:4:      layout_loops_ring
D:5:      layout_rooms, mainiacjoe_overflow_alcove_1

Skill      XL: |  1  2  3  4  5 |
---------------+----------------+-----
Dodging        | 2 3 |  3.3
Evocations     | 1 2 |  2.8
Armour         | 1 2 |  2.6
Stealth        | 5 |  5.0
Fighting       | 4 |  4.3
Polearms       | |  1.7

Action                   |  1- 3 |  4- 6 || total
-------------------------+-------+-------++-------
Melee: Spear             |    94 |       ||    94
       Punch             |     1 |       ||     1
       Trident           |    43 |   152 ||   195
       Headbutt          |     7 |    21 ||    28
  Use: Scroll            |       |     1 ||     1
       Potion            |       |     1 ||     1
 Stab: Sleeping          |    17 |     6 ||    23
       Distracted        |       |     1 ||     1
Armor: Leather armour    |    19 |       ||    19
       Ring mail         |     9 |    35 ||    44
Dodge: Dodged            |    61 |    76 ||   137
Block: Orb               |       |    23 ||    23

Table legend: (Time is in decaauts)
 A = Elapsed time spent in this place.
 B = Non-inter-level travel time spent in this place.
 C = Inter-level travel time spent in this place.
 D = Time resting spent in this place.
 E = Time spent auto-exploring this place.
 F = Levels seen in this place.
 G = Mean time per level.
                   A        B        C        D        E       F      G
               +--------+--------+--------+--------+--------+-----+--------+
         Total |   3910 |   3675 |    235 |    289 |   2668 |   5 |  782.0 |
       Dungeon |   3910 |   3675 |    235 |    289 |   2668 |   5 |  782.0 |
               +--------+--------+--------+--------+--------+-----+--------+

Top non-repeatable levels by time:
     D:4: 1274 daAuts
     D:1: 1034 daAuts
     D:2: 895 daAuts
     D:3: 546 daAuts
     D:5: 159 daAuts
